 Dungeon Crawl Stone Soup version 0.19-a0-1740-g0bcaf2e (webtiles) character file.

19381 4thArraOfDagon the Grappler (level 12, -9/118 HPs)
             Began as a Troll Monk on Oct 2, 2016.
             Was a High Priest of Qazlal.
             Mangled by an ettin
             ... wielding a +0 dire flail
              (10 damage)
             ... on level 2 of the Orcish Mines.
             The game lasted 00:24:32 (4600 turns).

4thArraOfDagon the Grappler (Troll Monk)            Turns: 4600, Time: 00:24:33

Health: -9/118     AC:  9    Str: 26    XL:     12   Next: 36%
Magic:  16/16      EV: 10    Int: 10    God:    Qazlal [*****.]
Gold:   727        SH: 25    Dex: 12    Spells: 2 memorised, 5 levels left

rFire  . . .     SeeInvis .       - Unarmed
rCold  . . .     Gourm    +     N - troll hide
rNeg   . . .     Faith    +     t - +0 large shield
rPois  +         Spirit   .     (helmet restricted)
rElec  .         Dismiss  .     q - +0 cloak
rCorr  .         Reflect  .     (gloves unavailable)
MR     .....     Harm     .     (boots unavailable)
Stlth  +.........               E - amulet of faith
                                v - +4 ring of strength
                                f - ring of poison resistance

@: protected from physical damage, repel missiles
A: unfitting armour, claws 3, hooves 1, fast metabolism 3, gourmand, mutation
resistance 1, regeneration 1, shaggy fur 1, tough skin 2, wild magic 1
a: Upheaval, Elemental Force, Disaster Area, Renounce Religion


You were on level 2 of the Orcish Mines.
You worshipped Qazlal.
Qazlal was extremely pleased with you.
You were very full.

You visited 3 branches of the dungeon, and saw 15 of its levels.
You also visited: Ossuary.

You collected 1109 gold pieces.
You spent 382 gold pieces at shops.

Inventory:

Hand Weapons
 y - the +8 spear of Imbalance {drain, rElec MR++}
   (You found it on level 6 of the Dungeon)

   A truly terrible weapon, it drains the life of those it strikes.
   It insulates you from electricity.
   It affects your resistance to hostile enchantments.
 L - a +4 dagger of distortion
Missiles
 R - 2 throwing nets (quivered)
Armour
 a - a +0 robe
 q - a +0 cloak (worn)
 t - a +0 large shield (worn)
 z - a +2 robe
 A - the +1 robe of the Vestibule of Hell {rElec}
   (You bought it in a shop on level 2 of the Orcish Mines)

   It insulates you from electricity.
 D - a +2 robe of magic resistance
 N - a troll hide (worn)
 O - a +1 robe of cold resistance
 S - the +2 robe "Oneulan" {rElec rPois rC- Slay-4}
   (You bought it in a shop on level 2 of the Orcish Mines)

   It affects your accuracy and damage with ranged weapons and melee attacks
   (-4).
   It makes you vulnerable to cold.
   It insulates you from electricity.
   It protects you from poison.
Magical Staves
 p - an uncursed staff of cold
 x - an uncursed staff of earth
Jewellery
 f - a ring of poison resistance (left claw)
 r - an uncursed ring of protection from magic
 v - a +4 ring of strength (right claw)
 E - an amulet of faith (around neck)
 F - an uncursed ring of flight
 M - a +2 ring of intelligence
Wands
 e - a wand of confusion (46/48)
 o - a wand of digging (16/24)
 s - a wand of enslavement (9/24)
 u - a wand of random effects (27/48)
 P - a wand of digging (7/24)
Scrolls
 d - 3 scrolls of immolation
 g - 4 scrolls of remove curse
 i - 2 scrolls of fear
 j - 2 scrolls of random uselessness
 C - 3 scrolls of recharging
 H - a scroll of fog
 K - a scroll of magic mapping
Potions
 c - a potion of haste
 k - 3 potions of heal wounds {unknown}
 l - 4 potions of flight {unknown}
 m - a potion of curing
 n - 2 potions of berserk rage {unknown}
 w - a potion of magic
 B - 4 potions of brilliance
 G - a potion of degeneration
 I - a potion of resistance
 J - a potion of cure mutation
 Q - a potion of might
Comestibles
 b - 10 bread rations
 h - 4 meat rations


   Skills:
 + Level 7.0 Fighting
 + Level 6.7 Dodging
 - Level 1.1 Stealth
 * Level 8.6 Shields
 * Level 12.3 Unarmed Combat
 + Level 7.0 Invocations


You had 5 spell levels left.
You knew the following spells:

 Your Spells              Type           Power        Failure   Level  Hunger
a - Blade Hands           Tmut           #.........   100%        5    ######.
b - Apportation           Tloc           #.........   99%         1    ##.....


Dungeon Overview and Level Annotations

Branches:
Dungeon (12/15)            Temple (1/1) D:4             Orc (2/2) D:11
    Elf (0/3) Orc:2
   Lair: D:8-11

Altars:
Ashenzari
Cheibriados
Dithmenos
Elyvilon
Kikubaaqudgha
Qazlal
Ru
Sif Muna
Trog
Yredelemnul
The Shining One
Beogh

Shops:
D:4 [   D:5 :   D:6 !   D:8 %   D:11 =   Orc:1 (   Orc:2 ::[(

Annotations:
D:12 Frances


Innate Abilities, Weirdness & Mutations

You are too large for most types of armour.
You have claws for hands.
Your metabolism is lightning-fast.
You like to eat raw meat.
Your natural rate of healing is unusually fast.
You are covered in fur. (AC +1)
You have very tough skin. (AC +2)
You have large cloven feet.
You are somewhat resistant to further mutation.
Your spells are a little harder to cast, but a little more powerful.


Message History

You scratch the ettin. You kick the ettin, but do no damage.
The ettin is lightly wounded.
The ettin hits you but does no damage.
The ettin hits you with a dire flail of crushing!!
You feel protected from physical attacks.
Unknown command.
You mangle the ettin!! You kick the ettin, but do no damage.
The ettin is moderately wounded.
Unknown command.
You scratch the ettin. You kick the ettin, but do no damage.
The ettin is heavily wounded.
You block the ettin's attack. x2
Unknown command.
You barely miss the ettin. You kick the ettin, but do no damage.
The ettin is heavily wounded.
The ettin hits you with a dire flail!!!
You feel more protected from physical attacks.
The ettin hits you with a dire flail of crushing!!!
* * * LOW HITPOINT WARNING * * *
You die...

..................###.###.##.....
..............#..###...##.##.....
.............###.###...##.#####..
.............##..................
.....#....#...#........##.#####..
....#....#)#...§.....[###.##.....
..........)...§...§....##.##.....
..........)....§#.#.).###.##...#.
.#.......#.##...@###)####..##..##
..#...........§§#C#....###. #.. #
...........).....§.....# . ##...
..#.......#.))....[....# ##..
.........<..).[........# ..#
...........)..(........# ##
#......).[.[..(#[[(....### #
##.....).).....[[<(..)...#.#.
#......).........[[.))...#...


You could see an ettin.

Vanquished Creatures
  Erica (D:11)
  4 orc high priests
  Pikel (D:7)
  2 ugly things
  4 orc knights
  5 orc sorcerers (Orc:2)
  Joseph (D:7)
  Psyche (D:11)
  A troll (D:10)
  A two-headed ogre (D:8)
  2 hippogriffs
  A spriggan (D:11)
  A shadow (D:11)
  A wyvern (D:11)
  A wraith (D:9)
  A hungry ghost (D:9)
  2 vampire mosquitoes (D:11)
  A warg (Orc:1)
  A soldier ant (D:10)
  Menkaure (D:6)
  Duvessa (D:6)
  A black bear (D:9)
  An ice beast (D:5)
  A phantom (D:11)
  32 orc warriors
  A sky beast (D:11)
  7 ogres
  3 centaurs (D:11)
  An elf zombie (D:9)
  A big kobold (D:9)
  3 bullfrogs
  Dowan (D:6)
  A wyvern zombie (D:8)
  A troll zombie (D:9)
  20 scorpions
  2 howler monkeys (D:11)
  4 wights (D:9)
  5 crimson imps
  A quasit (D:12)
  4 centaur zombies
  A bullfrog skeleton (D:5)
  3 hounds
  A jelly (D:11)
  6 human zombies
  19 orc priests
  A centaur skeleton (D:7)
  3 iguanas
  21 orc wizards
  8 worker ants
  An ogre zombie (D:9)
  3 big kobold zombies (Ossuary)
  A hound skeleton (D:6)
  4 mummies
  A worker ant zombie (D:11)
  11 adders
  4 gnolls (D:3)
  A howler monkey skeleton (D:11)
  4 scorpion zombies (Ossuary)
  2 worms
  A dart slug (D:2)
  4 leopard geckos
  76 orcs
  3 giant cockroaches
  5 goblins
  A hobgoblin (D:2)
  6 jackals
  5 quokkas
  4 bats (D:5)
  A frilled lizard (D:3)
  A gnoll zombie (Ossuary)
  2 hobgoblin zombies (Ossuary)
  4 kobolds
  2 kobold zombies (Ossuary)
  A quokka zombie (D:5)
  2 rats
  2 fungi (D:5)
339 creatures vanquished.

Vanquished Creatures (others)
  A slave (D:8)
  A bullfrog (D:7)
  2 orcs (Orc:2)
  A fungus (D:5)
5 creatures vanquished.

Grand Total: 344 creatures vanquished

Notes
Turn   | Place    | Note
-------+----------+-------------------------------------------
     0 | D:1      | 4thArraOfDagon the Troll Monk began the quest for the Orb.
     0 | D:1      | Reached XP level 1. HP: 22/22 MP: 0/0
     0 | D:1      | 4thArraOfDagon: city of atheism
     0 | D:1      | jacquesderrida: devesa
   196 | D:2      | Reached XP level 2. HP: 29/29 MP: 1/1
   368 | D:3      | Reached skill level 4 in Unarmed Combat
   373 | D:3      | Reached XP level 3. HP: 36/36 MP: 2/2
   476 | D:3      | Reached XP level 4. HP: 44/44 MP: 3/3
   487 | D:3      | Found a shadowy altar of Dithmenos.
   509 | D:3      | Reached skill level 5 in Unarmed Combat
   544 | D:3      | Reached XP level 5. HP: 39/50 MP: 4/4
   642 | D:4      | Reached skill level 6 in Unarmed Combat
   691 | D:4      | You fall through a shaft!
   691 | D:5      | Entered Level 5 of the Dungeon
   695 | D:5      | Noticed an ogre
   697 | D:5      | Noticed an ice beast
   700 | D:4      | Found a staircase to the Ecumenical Temple.
   705 | Temple   | Entered the Ecumenical Temple
   726 | Temple   | Became a worshipper of Qazlal Stormbringer
   726 | Temple   | Reached * piety under Qazlal
   726 | Temple   | Reached ** piety under Qazlal
   876 | D:5      | Reached XP level 6. HP: 57/59 MP: 5/5
   917 | D:5      | Reached skill level 1 in Invocations
   933 | D:5      | Reached skill level 7 in Unarmed Combat
   967 | D:5      | Reached XP level 7. HP: 56/67 MP: 7/7
   983 | D:4      | Found Ewnidd's Antique Armour Shop.
  1063 | D:5      | jacquesderrida: FORGEEE
  1226 | D:5      | Reached skill level 1 in Shields
  1247 | D:5      | Reached XP level 8. HP: 75/75 MP: 7/9
  1267 | D:5      | Found Caotoog's Book Boutique.
  1280 | D:5      | Reached skill level 8 in Unarmed Combat
  1381 | D:6      | Got a bloodstained spear
  1387 | D:6      | Noticed Menkaure
  1399 | D:6      | Killed Menkaure
  1407 | D:6      | Noticed Duvessa
  1409 | D:6      | Noticed Dowan
  1420 | D:6      | Killed Duvessa
  1420 | D:6      | Reached *** piety under Qazlal
  1428 | D:6      | Killed Dowan
  1443 | D:6      | Found Tyturokh's Distillery.
  1451 | D:6      | Bought a potion of lignification for 33 gold pieces
  1451 | D:6      | Bought a potion of curing for 33 gold pieces
  1451 | D:6      | Bought a potion of brilliance for 44 gold pieces
  1537 | D:6      | You fall through a shaft for 2 floors!
  1547 | D:8      | Found a deep blue altar of Sif Muna.
  1559 | D:8      | Found a white marble altar of Elyvilon.
  1619 | D:7      | Noticed Joseph
  1620 | D:7      | Noticed Pikel
  1635 | D:7      | Killed Joseph
  1658 | D:7      | Killed Pikel
  1658 | D:7      | Reached skill level 9 in Unarmed Combat
  1658 | D:7      | Reached XP level 9. HP: 85/85 MP: 10/10
  1786 | D:8      | Found a sand-covered staircase.
  1794 | Ossuary  | Entered an ossuary
  1989 | Ossuary  | Reached **** piety under Qazlal
  2161 | D:8      | Reached skill level 5 in Fighting
  2164 | D:8      | Found Ycwoir's Food Shop.
  2294 | D:9      | Gained mutation: You are somewhat resistant to further mutation. [potion of mutation]
  2338 | D:9      | Learned a level 5 spell: Blade Hands
  2386 | D:9      | Noticed a cyan ugly thing
  2400 | D:9      | Killed a cyan ugly thing
  2400 | D:9      | Reached skill level 5 in Shields
  2400 | D:9      | Reached XP level 10. HP: 96/96 MP: 12/12
  2412 | D:9      | Identified the +8 spear of Imbalance {drain, rElec MR++} (You found it on level 6 of the Dungeon)
  2448 | D:9      | Reached skill level 10 in Unarmed Combat
  2484 | D:9      | Found a basalt altar of Yredelemnul.
  2571 | D:9      | Reached skill level 5 in Invocations
  2597 | D:9      | Reached ***** piety under Qazlal
  2630 | D:10     | Entered Level 10 of the Dungeon
  2694 | D:11     | Found a roughly hewn altar of Beogh.
  2694 | D:11     | Found a staircase to the Orcish Mines.
  2696 | D:11     | Noticed a green ugly thing
  2713 | D:11     | Killed a green ugly thing
  2713 | D:11     | Reached skill level 5 in Dodging
  2790 | D:11     | Found a roughly hewn altar of Beogh.
  2792 | D:11     | Found a glowing golden altar of the Shining One.
  3023 | D:10     | Reached XP level 11. HP: 97/105 MP: 14/14
  3248 | D:11     | Found Jisivonuu's Jewellery Shop.
  3250 | D:11     | Noticed Erica
  3280 | D:11     | Killed Erica
  3280 | D:11     | Reached skill level 11 in Unarmed Combat
  3313 | D:11     | Gained mutation: You have large cloven feet. [potion of mutation]
  3371 | D:11     | Learned a level 1 spell: Apportation
  3475 | D:11     | Gained mutation: Your spells are a little harder to cast, but a little more powerful. [mutagenic meat]
  3493 | D:11     | Noticed Psyche
  3505 | D:11     | Killed Psyche
  3578 | D:12     | Noticed Frances
  3621 | Orc:1    | Entered Level 1 of the Orcish Mines
  3621 | Orc:1    | Found Dap Coxkayt's Antique Weapon Shoppe.
  3748 | Orc:2    | Entered Level 2 of the Orcish Mines
  3748 | Orc:2    | Noticed an orc sorcerer
  3757 | Orc:2    | Killed an orc sorcerer
  3888 | Orc:2    | Reached ****** piety under Qazlal
  3904 | Orc:2    | Noticed an orc high priest
  3906 | Orc:2    | Noticed an orc high priest
  3922 | Orc:1    | Killed an orc high priest
  3958 | Orc:1    | Killed an orc high priest
  3963 | Orc:2    | Noticed an orc sorcerer
  3965 | Orc:2    | Noticed an orc knight
  3968 | Orc:2    | Killed an orc sorcerer
  3971 | Orc:2    | Noticed an orc sorcerer
  3972 | Orc:2    | Noticed an orc high priest
  3973 | Orc:2    | Noticed an orc sorcerer
  3973 | Orc:2    | Killed an orc sorcerer
  3975 | Orc:2    | Noticed a sixfirhy
  3975 | Orc:2    | Noticed an orc knight
  4048 | Orc:1    | Found a bloodstained altar of Trog.
  4113 | Orc:1    | Killed an orc knight
  4123 | Orc:1    | Killed an orc knight
  4123 | Orc:1    | Reached XP level 12. HP: 107/115 MP: 16/16
  4147 | Orc:1    | Killed an orc high priest
  4147 | Orc:1    | Reached skill level 12 in Unarmed Combat
  4203 | Orc:2    | Found a staircase to the Elven Halls.
  4230 | Orc:2    | Noticed an orc high priest
  4230 | Orc:2    | Found a roughly hewn altar of Beogh.
  4247 | Orc:2    | Killed an orc high priest
  4267 | Orc:2    | Paralysed by an orc sorcerer for 7 turns
  4281 | Orc:2    | Paralysed by an orc sorcerer for 2 turns
  4286 | Orc:2    | HP: 5/115 [orc knight/glaive (13)]
  4521 | Orc:2    | Found Vegaizae's Book Shop.
  4521 | Orc:2    | Found Ypletea's Book Shop.
  4522 | Orc:2    | Found Saerop's Antique Armour Emporium.
  4527 | Orc:2    | Found Viep's Antique Weapon Emporium.
  4543 | Orc:2    | Bought a creamy pearl robe for 136 gold pieces
  4543 | Orc:2    | Bought a slimy robe for 136 gold pieces
  4553 | Orc:2    | Identified the +1 robe of the Vestibule of Hell {rElec} (You bought it in a shop on level 2 of the Orcish Mines)
  4563 | Orc:2    | Identified the +2 robe "Oneulan" {rElec rPois rC- Slay-4} (You bought it in a shop on level 2 of the Orcish Mines)
  4563 | Orc:2    | :D
  4573 | Orc:2    | jacquesderrida: wew
  4588 | Orc:2    | jacquesderrida: itens......................
  4591 | Orc:2    | 4thArraOfDagon: city of rip
  4595 | Orc:2    | Noticed an ettin
  4600 | Orc:2    | HP: 1/118 [ettin/dire flail (47)]
  4600 | Orc:2    | Mangled by an ettin

Vault maps used:
D:1:      sevenhm_arrival_forest_fort_large_2
D:2:      grunt_temple_overflow_gold_and_silver
D:3:      kennysheep_the_goblin_king, grunt_dithmenos_smoke_and_mirrors,
          first_bread, uniq_robin
D:4:      serial_shops, shop
D:5:      old_forge, lemuel_doored_altar, serial_shops,
          nicolae_shop_temple_entry_statues_fountains,
          nemelex_diamond_rough_becter
D:6:      grunt_temple_overflow_champion_of_chaos, serial_shops, shop,
          uniq_menkaure, uniq_eustachio, uniq_duvessa
D:7:      overflow_temple_1_default, uniq_joseph, uniq_pikel
D:8:      nicolae_overflow_quartered_altars, serial_shops, kennysheep_mini,
          nicolae_ossuary_entry_plus
D:9:      lemuel_mausoleum_altar_yredelemnul, lair_0_dummy
D:11:     david_orc_5, basic_altar, serial_shops, shop, the_bakery, uniq_psyche,
          uniq_erica
D:12:     minmay_diamond_stairs, wad_floor_pattern_untrapped, uniq_frances,
          uniq_azrael, uniq_maurice, uniq_urug
Temple:   dpeg_three_leaves_temple
Orc:1:    basic_altar, serial_shops, shop, shop, uniq_josephine
Orc:2:    st_orc_elflike, bh_open_orc_temple
Ossuary:  ossuary_minmay_scorpions

Skill      XL: |  1  2  3  4  5  6  7  8  9 10 11 12 |
---------------+-------------------------------------+-----
Unarmed Combat | 4 5 6 7 9 10 11 12 | 12.3
Invocations    | 1 2 3 4 5 6 7 |  7.0
Fighting       | 3 4 5 6 7 |  7.0
Dodging        | 3 4 5 6 |  6.7
Shields        | 1 3 5 6 8 |  8.6
Stealth        | |  1.1

Action                   |  1- 3 |  4- 6 |  7- 9 | 10-12 || total
-------------------------+-------+-------+-------+-------++-------
Melee: Unarmed           |    56 |    82 |   334 |   612 ||  1084
       Kick              |       |       |       |    89 ||    89
Invok: Disaster Area     |       |       |       |     2 ||     2
       Upheaval          |       |       |       |     6 ||     6
Evoke: Wand              |       |       |       |     3 ||     3
  Use: Scroll            |     2 |     1 |    11 |     7 ||    21
       Potion            |       |       |     4 |     7 ||    11
 Stab: Sleeping          |     1 |       |       |       ||     1
       Held in net/web   |       |       |     1 |       ||     1
  Eat: Chunk             |     8 |     3 |    13 |    31 ||    55
       Beef jerky        |       |     1 |       |       ||     1
Armor: Robe              |    17 |    15 |    56 |    16 ||   104
       Skin              |       |       |     6 |     4 ||    10
       Troll hide        |       |       |       |    42 ||    42
Dodge: Dodged            |    22 |    19 |    59 |    85 ||   185
       Deflected         |       |       |       |     3 ||     3
Block: Other             |       |     1 |     4 |       ||     5
       Large shield      |       |       |   219 |   531 ||   750
